 Dungeon Crawl Stone Soup version 0.21-a0-361-g4efd3f9 (webtiles) character file.

2040 nikopol the Cleaver (level 9, -8/78 HPs)
             Began as a Hill Orc Fighter on Oct 13, 2017.
             Was an Initiate of Okawaru.
             Killed from afar by Ijustatesigmund's ghost (16 damage)
             ... with a spray of energy
             ... on level 7 of the Dungeon.
             The game lasted 00:16:02 (7185 turns).

nikopol the Cleaver (Hill Orc Fighter)              Turns: 7185, Time: 00:16:03

Health: -8/78      AC: 11    Str: 22    XL:     9   Next: 24%
Magic:  9/9        EV: 10    Int:  8    God:    Okawaru [......]
Gold:   386        SH:  0    Dex: 10    Spells: 8/8 levels left

rFire    . . .     SeeInvis +   a - +0 war axe
rCold    . . .     Gourm    .   c - +0 shield
rNeg     + . .     Faith    .   E - +2 ring mail {rPois}
rPois    +         Spirit   .   n - +1 helmet
rElec    .         Reflect  .   (no cloak)
rCorr    .         Harm     .   j - +0 pair of gloves
MR       .....                  (no boots)
Stlth    ..........             x - amulet of rage
HPRegen  0.23/turn              H - ring of see invisible
MPRegen  0.11/turn              y - ring of positive energy

@: confused, glowing
A: no striking features
a: Renounce Religion, Evoke Berserk Rage


You were on level 7 of the Dungeon.
You worshipped Okawaru.
Okawaru was noncommittal.
You were hungry.

You visited 2 branches of the dungeon, and saw 8 of its levels.
You also visited: Sewer.

You collected 386 gold pieces.

Inventory:

Hand Weapons
 a - a +0 war axe (weapon)
 K - a +4 flail of holy wrath
Missiles
 h - 10 tomahawks (quivered)
 L - a throwing net
Armour
 b - a +0 scale mail
 c - a +0 shield (worn)
 j - a +0 pair of gloves (worn)
 n - a +1 helmet (worn)
 E - a +2 ring mail of poison resistance (worn)
Jewellery
 s - an uncursed ring of magical power {unknown}
 w - an uncursed ring of stealth
 x - an amulet of rage (around neck)
 y - a ring of positive energy (right hand)
 H - a ring of see invisible (left hand)
 J - an uncursed ring of wizardry {unknown}
Wands
 i - a wand of disintegration (20/24)
 I - a wand of flame (33/48)
Scrolls
 d - 2 scrolls of recharging
 g - 4 scrolls of remove curse
 q - a scroll of fear {unknown}
 u - 3 scrolls of fog {unknown}
 v - a scroll of blinking
 B - a scroll of immolation {unknown}
 C - 2 scrolls of amnesia {unknown}
 F - 4 scrolls of identify
Potions
 e - a potion of haste
 k - 2 potions of magic {unknown}
 l - 3 potions of heal wounds {unknown}
 m - 2 potions of cancellation {unknown}
 o - a potion of invisibility {unknown}
 r - 7 potions of flight
 t - 5 potions of curing
 A - a potion of degeneration {unknown}
 D - a potion of brilliance {unknown}
 G - a potion of mutation {unknown}
 N - a potion of lignification {unknown}
Comestibles
 f - 5 bread rations
 p - 2 meat rations
 z - 4 fruits


   Skills:
 + Level 6.6 Fighting
 + Level 10.0 Axes
 + Level 6.1 Armour
 + Level 2.8 Dodging
 + Level 0.2 Stealth
 + Level 6.5 Shields


You had 8 spell levels left.
You didn't know any spells.

Dungeon Overview and Level Annotations

Branches:
Dungeon (7/15)             Temple (1/1) D:6

Altars:
Ashenzari
Cheibriados
Dithmenos
Elyvilon
Fedhas
Kikubaaqudgha
Makhleb
Nemelex Xobeh
Okawaru
Sif Muna
Trog
Uskayaw
Wu Jian
Yredelemnul

Annotations:
D:7 Ijustatesigmund's ghost, novice SpEn


Message History

Ijustatesigmund's ghost is severely damaged.
Ijustatesigmund's ghost points at you and mumbles some strange words.
You fall asleep.
Ijustatesigmund's ghost points at you and mumbles some strange words.
The spray of energy hits you!
You wake up.
* * * LOW HITPOINT WARNING * * *
You are more confused.
Ijustatesigmund's ghost hits you.
* * * LOW HITPOINT WARNING * * *
In your confused state, you trip and fall back down the stairs.
* * * LOW HITPOINT WARNING * * *
Ijustatesigmund's ghost barely misses you.
Ijustatesigmund's ghost misses you.
In your confused state, you trip and fall back down the stairs.
* * * LOW HITPOINT WARNING * * *
Ijustatesigmund's ghost hits you.
* * * LOW HITPOINT WARNING * * *
Ijustatesigmund's ghost gestures at you while chanting.
The spray of energy hits you!
You die...

........######. .......[
............####.##.....
.##.%.......?............
............##....#.#....
.........................
.............## #........
..............###........
.........W........##.....
........@.........###....
..................#...#.#
..................#.###.#
................)...# #.#
>.................#####.#
.)..%............?.....#
.................#######
#####............#
######.)..<..#


You could see Ijustatesigmund's ghost.

Vanquished Creatures
  2 sky beasts (D:6)
  Purgy (Sewer)
  2 phantoms
  A centaur (D:6)
  4 ogres
  2 bullfrogs
  Blork the orc (D:4)
  A water moccasin zombie (D:7)
  2 scorpions (D:4)
  2 crimson imps
  2 hounds (D:7)
  A jelly (D:6)
  2 orc priests
  A gnoll shaman (D:5)
  7 orc wizards
  2 iguanas
  2 worker ants
  A hound zombie (D:5)
  11 gnolls
  3 adders
  A shadow imp (D:6)
  3 worms
  A dart slug (D:1)
  5 leopard geckos
  16 orcs
  8 bats
  5 giant cockroaches
  7 goblins
  7 hobgoblins
  11 jackals
  6 kobolds
  3 quokkas
  6 ball pythons
  11 frilled lizards
  2 leopard gecko skeletons (D:6)
  2 quokka skeletons
  11 rats
155 creatures vanquished.

Vanquished Creatures (others)
  7 toadstools (D:1)
7 creatures vanquished.

Grand Total: 162 creatures vanquished

Notes
Turn   | Place    | Note
-------+----------+-------------------------------------------
     0 | D:1      | nikopol the Hill Orc Fighter began the quest for the Orb.
     0 | D:1      | Reached XP level 1. HP: 19/19 MP: 1/1
   111 | D:1      | Reached XP level 2. HP: 11/27 MP: 2/2
   537 | D:1      | Reached skill level 3 in Axes
   619 | D:1      | Reached XP level 3. HP: 31/33 MP: 3/3
  1325 | D:2      | Reached XP level 4. HP: 40/40 MP: 4/4
  1452 | D:2      | Reached skill level 4 in Axes
  1610 | D:3      | Found an ancient bone altar of Kikubaaqudgha.
  1694 | D:3      | Found a glowing drain.
  1695 | D:3      | Noticed a phantom
  1721 | Sewer    | Entered a sewer
  1977 | Sewer    | Noticed Purgy
  2010 | Sewer    | Killed Purgy
  2010 | Sewer    | Reached skill level 1 in Dodging
  2010 | Sewer    | Reached XP level 5. HP: 5/47 MP: 5/5
  2397 | D:3      | Killed a phantom
  2397 | D:3      | Reached skill level 5 in Axes
  2397 | D:3      | Reached XP level 6. HP: 38/53 MP: 6/6
  3263 | D:4      | Reached XP level 7. HP: 38/60 MP: 7/7
  3424 | D:4      | Found a deep blue altar of Sif Muna.
  3444 | D:4      | Reached skill level 5 in Fighting
  3444 | D:4      | Reached skill level 6 in Axes
  3655 | D:4      | Reached skill level 5 in Armour
  3874 | D:4      | Noticed Blork the orc
  3881 | D:4      | Killed Blork the orc
  3881 | D:4      | Reached skill level 5 in Shields
  3938 | D:5      | Entered Level 5 of the Dungeon
  4124 | D:5      | HP: 1/61 [something/magic dart (7)]
  4620 | D:5      | Found a basalt altar of Yredelemnul.
  4651 | D:5      | Found a shattered altar of Ashenzari.
  4655 | D:5      | Found a white marble altar of Elyvilon.
  4666 | D:5      | Reached skill level 7 in Axes
  4938 | D:5      | Reached XP level 8. HP: 29/69 MP: 8/8
  5264 | D:5      | Noticed a moth of wrath
  5266 | D:5      | Found a bloodstained altar of Trog.
  5814 | D:6      | Reached skill level 8 in Axes
  5850 | D:6      | Found a sparkling altar of Nemelex Xobeh.
  6018 | D:6      | Reached skill level 9 in Axes
  6376 | D:6      | Found a staircase to the Ecumenical Temple.
  6381 | Temple   | Entered the Ecumenical Temple
  6392 | Temple   | Became a worshipper of Warmaster Okawaru
  6425 | D:6      | Found a blossoming altar of Fedhas.
  6455 | D:6      | Reached XP level 9. HP: 56/75 MP: 9/9
  6882 | D:7      | Noticed Ijustatesigmund's ghost (novice SpEn)
  6898 | D:6      | Reached skill level 10 in Axes
  7185 | D:7      | Killed from afar by Ijustatesigmund's ghost

Vault maps used:
D:1:      nagdon_arrival_double_spiral
D:3:      lemuel_doored_altar, portal_sewer_entry_b
D:4:      kennysheep_mini, first_bread, kennysheep_potato, uniq_blork_the_orc
D:5:      yredelemnul_altar_generic, gammafunk_temple_overflow_pools, tgw_trog
D:6:      fedhas_altar_2, nemelex_altar_shiori, temple_doors_cd
D:7:      serial_shops, nicolae_shop_trees
Temple:   dshaligram_water_room_temple
Sewer:    sewer_co_purgy_island

Skill      XL: |  1  2  3  4  5  6  7  8  9 |
---------------+----------------------------+-----
Axes           | 3 4 5 7 9 10 | 10.0
Fighting       | 4 5 6 |  6.6
Armour         | 4 5 6 |  6.1
Dodging        | 1 2 |  2.8
Shields        | 4 5 6 |  6.5
Stealth        | |  0.2

Action                   |  1- 3 |  4- 6 |  7- 9 || total
-------------------------+-------+-------+-------++-------
Melee: War axe           |   120 |   184 |   410 ||   714
Throw: Tomahawk          |       |       |     9 ||     9
  Use: Scroll            |       |     7 |     2 ||     9
       Potion            |       |     1 |     1 ||     2
  Eat: Chunk             |     2 |     6 |    13 ||    21
Armor: Scale mail        |    61 |   100 |   103 ||   264
       Ring mail         |       |       |    81 ||    81
Dodge: Dodged            |    46 |    50 |   128 ||   224
Block: Shield            |    70 |   103 |   201 ||   374

Table legend:
 A = Spawn XP
 B = Non-spawn XP
 C = Spawn XP percentage of total XP
 D = Spawn monster count
 E = Non-spawn monster count
 F = Spawn count percentage of total count
 G = Total turns spent on level
                    A         B        C        D         E        F      G
               +---------+---------+-------+---------+---------+-------+---------
         Total |       0 |    2915 |   0.0 |       0 |     155 |   0.0 |  7185
               +---------+---------+-------+---------+---------+-------+---------
           D:1 |       0 |      37 |   0.0 |       0 |      21 |   0.0 |   929
           D:2 |       0 |      62 |   0.0 |       0 |      27 |   0.0 |   659
           D:3 |       0 |     141 |   0.0 |       0 |      11 |   0.0 |   766
           D:4 |       0 |     637 |   0.0 |       0 |      19 |   0.0 |  1349
           D:5 |       0 |     374 |   0.0 |       0 |      28 |   0.0 |  1302
           D:6 |       0 |    1047 |   0.0 |       0 |      30 |   0.0 |  1276
           D:7 |       0 |     471 |   0.0 |       0 |      11 |   0.0 |   227
         Sewer |       0 |     146 |   0.0 |       0 |       8 |   0.0 |   656
               +---------+---------+-------+---------+---------+-------+---------
